 Dungeon Crawl Stone Soup version 0.25-a0-99-gfcdb843 (webtiles) character file.

Game seed: 7529088280664343360, levelgen mode: deterministic

18 HungryMoth the Charmwright (level 2, 0/23 HPs)
             Began as a Merfolk Skald on Nov 13, 2019.
             Slain by an adder (5 damage)
             ... on level 1 of the Dungeon.
             The game lasted 00:01:00 (727 turns).

HungryMoth the Charmwright (Merfolk Skald)           Turns: 727, Time: 00:01:00

Health: 0/23       AC:  3    Str: 11    XL:     2   Next: 70%
Magic:  5/5        EV: 12    Int: 12    God:
Gold:   146        SH:  0    Dex: 13    Spells: 0/5 levels left

rFire    . . .     SeeInvis .   a - +0 spear
rCold    . . .     Gourm    .   (no shield)
rNeg     . . .     Faith    .   b - +0 leather armour
rPois    .         Spirit   .   (no helmet)
rElec    .         Reflect  .   (no cloak)
rCorr    .         Harm     .   (no gloves)
MR       .....                  (no boots)
Stlth    +.........             (no amulet)
HPRegen  0.07/turn              (no ring)
MPRegen  0.09/turn              (no ring)

@: no status effects
A: change form in water, swift swim, stealthy swim
a: no special abilities


You were on level 1 of the Dungeon.
You were not hungry.

You visited 1 branch of the dungeon, and saw 2 of its levels.

You collected 146 gold pieces.

Inventory:

Hand Weapons
 a - a +0 spear (weapon)
Armour
 b - a +0 leather armour (worn)
Scrolls
 c - 2 scrolls of identify {unknown}
 e - 2 scrolls of remove curse {unknown}
 f - a scroll of blinking {unknown}
 h - 2 scrolls of enchant weapon {unknown}
 i - a scroll of teleportation {unknown}
Potions
 g - a potion of brilliance {unknown}
 j - a potion of agility {unknown}
 k - a potion of heal wounds {unknown}
Comestibles
 d - 2 rations


   Skills:
 + Level 2.4 Fighting
 + Level 3.2 Polearms
 + Level 0.9 Armour
 - Level 3.0 Dodging
 + Level 2.2 Spellcasting
 + Level 3.5 Charms


You couldn't memorise any spells.
You knew the following spells:

 Your Spells              Type           Power        Failure   Level  Hunger
a - Infusion              Chrm           #...         9%          1    ##.....
b - Shroud of Golubria    Chrm/Tloc      #.....       26%         2    ###....
c - Song of Slaying       Chrm           #.......     12%         2    ###....

Your spell library contained the following spells:

 Spells                   Type           Power        Failure   Level  Hunger
 Regeneration             Chrm/Necr      #.........   45%         3    ####...
 Spectral Weapon          Hex/Chrm       #.......     45%         3    ####...


Dungeon Overview and Level Annotations

Branches:
Dungeon (2/15)

Altars:


Message History

The adder bites you.
There are monsters nearby!
There are monsters nearby!
You closely miss the adder.
The adder is lightly wounded.
The adder bites you but does no damage. The adder bites you.
There are monsters nearby!
The adder closely misses you. The adder closely misses you.
There is a stone staircase leading up here.
The adder bites you. x3
You climb upwards.
There is a stone staircase leading down here.
You see here a stone.
The adder bites you.
* * * LOW HITPOINT WARNING * * *
The adder barely misses you. The adder misses you.
There is an open door here.
The adder bites you.
You die...

####### #.....# #.....#
#.....# ####### #.....#
#......
#.....########......
#...................
#..)†............###
###@#########....# #S#
#....# ##S##### #...)#
#......#####....###
#.>....+...........
###.(....#####....###
######........#####.#..#
#...................##.#
#.####......(#########.#


You could see 2 adders.

Vanquished Creatures
  A dart slug (D:1)
  A leopard gecko (D:1)
  3 hobgoblins (D:1)
  2 jackals (D:1)
  2 bats (D:1)
  3 frilled lizards
  2 kobolds (D:1)
  2 rats (D:1)
16 creatures vanquished.

Notes
Turn   | Place    | Note
-------+----------+-------------------------------------------
     0 | D:1      | HungryMoth the Merfolk Skald began the quest for the Orb.
     0 | D:1      | Reached XP level 1. HP: 16/16 MP: 3/3
   155 | D:1      | Reached XP level 2. HP: 12/23 MP: 5/5
   159 | D:1      | Learned a level 2 spell: Shroud of Golubria
   162 | D:1      | Learned a level 2 spell: Song of Slaying
   727 | D:1      | Slain by an adder

Levels and vault maps discovered:
D:1:      wheals_arrival_linesprint, layout_basic
D:2:      layout_basic, nicolae_overflow_hidden_temple, first_ration,
          chequers_garden

Skill      XL: |  1  2 |
---------------+-------+-----
Dodging        | 3 |  3.0
Fighting       | |  2.4
Polearms       | |  3.2
Armour         | |  0.9
Spellcasting   | |  2.2
Charms         | |  3.5

Action                   || total
-------------------------++-------
Melee: Spear             ||    58
 Stab: Sleeping          ||     1
Armor: Leather armour    ||    13
Dodge: Dodged            ||    39

Table legend:
 A = Non-vault XP
 B = Vault XP
 C = Vault XP percentage of total XP
 D = Non-vault monster count
 E = Vault monster count
 F = Vault count percentage of total count
                 A         B        C        D         E       F
            +---------+---------+-------+---------+---------+-------
      Total |      27 |       0 |   0.0 |      16 |       0 |   0.0
            +---------+---------+-------+---------+---------+-------
        D:1 |      26 |       0 |   0.0 |      15 |       0 |   0.0
        D:2 |       1 |       0 |   0.0 |       1 |       0 |   0.0
            +---------+---------+-------+---------+---------+-------
